 Dungeon Sprint DCSS version 0.31-a0-841-g038b102fc3 (webtiles) character file.

Game seed: 15595788752903102048

27 sircluck the Ruffian (level 2, -19/32 HPs)
             Began as a Troll Berserker on Sept 27, 2023.
             Was a Follower of Trog.
             Demolished by an ice devil (20 damage)
             ... in the Dungeon (Sprint VII: "The Pits").
             The game lasted 00:00:10 (29 turns).

sircluck the Ruffian (Troll Berserker)                Turns: 29, Time: 00:00:10

Health: -19/32     AC:  4    Str: 24    XL:     2   Next: 93%
Magic:  1/1        EV: 10    Int:  3    God:    Trog [*.....]
Gold:   0          SH:  0    Dex:  9    Spells: 1/1 levels left

rFire   . .          .
                       - Unarmed
rCold   . . .        (no shield)
rNeg    . . .        a - +0 animal skin
rPois   .            (helmet restricted)
rElec   .            (no cloak)
rCorr   .            (gloves unavailable)
SInv    .            (boots unavailable)
Will    .....        (no amulet)
Stlth   +            (no ring)
HPRegen 1.05/turn    (no ring)
MPRegen 0.07/turn

%: no teleportation
@: on berserk cooldown, slowed, very slow
A: large, unfitting armour, claws 3, regeneration 1, shaggy fur 1, tough skin 1
a: Renounce Religion, Berserk


You were in the Dungeon.
You worshipped Trog.
Trog was aware of your devotion.
You visited 1 branch

Inventory:

Armour
 a - a +0 animal skin (worn)
Scrolls
 g - a scroll of blinking
Potions
 b - a potion of curing
 c - a potion of heal wounds
 d - a potion of haste
 e - 2 potions of magic
 f - a potion of berserk rage


   Skills:
 + Level 3.7 Fighting
 + Level 3.7 Dodging
 + Level 4.5 Unarmed Combat


You had one spell level left.
You didn't know any spells.
Your spell library was empty.

Dungeon Overview and Level Annotations

Branches:
Dungeon (1/1)

Altars:


Innate Abilities, Weirdness & Mutations

You are too large for most types of armour.
You have claws for hands.
Your natural rate of healing is unusually fast.
You are covered in fur. (AC +1)
You have tough skin. (AC +1)


Message History

Your Unarmed Combat skill increases to level 4!
You have reached level 2!
Unknown command.
Unknown command.
Unknown command.
You scratch the orc.
The orc is heavily wounded.
The orc barely misses you.
You barely miss the orc.
The orc is heavily wounded.
You barely miss the orc.
The orc is heavily wounded.
Unknown command.
Unknown command.
Unknown command.
Unknown command.
You scratch the ice devil.
The ice devil is lightly wounded.
You scratch the ice devil.
The ice devil is lightly wounded.
You scratch the ice devil.
The ice devil is moderately wounded.
The ice devil completely misses you.
You claw the ice devil!
The ice devil is moderately wounded.
You claw the ice devil!
The ice devil is heavily wounded.
You are no longer berserk.
You are exhausted.
You feel yourself slow down. The ice devil hits you!
The ice devil freezes you!!
Ouch! That really hurt!
* * * LOW HITPOINT WARNING * * *
You barely miss the ice devil.
The ice devil is heavily wounded.
The ice devil hits you.
* * * LOW HITPOINT WARNING * * *
The ice devil freezes you!!
Ouch! That really hurt!
You die...

#................+
+................+
#......#..#......#
#................#
####'#####''######
#.......##''#
#.......##..##
#.......##...##
#...<...###@..#
#.......#
##4......
#.......# ..###+##
#.......# .##
######### 54 ..
##.


You could see an ice devil.

Vanquished Creatures
  An iron imp (D)
1 creature vanquished.

Notes
Turn   | Place    | Note
-------+----------+-------------------------------------------
     0 | D        | sircluck the Troll Berserker began the quest for the Orb.
     0 | D        | Reached XP level 1. HP: 22/22 MP: 0/0
    16 | D        | Noticed an iron imp
    16 | D        | Noticed an ice devil
    20 | D        | Killed an iron imp
    21 | D        | Reached skill level 4 in Unarmed Combat
    21 | D        | Reached XP level 2. HP: 32/32 MP: 1/1
    29 | D        | HP: 1/32 [ice devil (5)]
    29 | D        | Demolished by an ice devil

Illustrated notes

Levels and vault maps discovered:
D:        pitsprint [storerooms_1, entrance_room_1, metal_vault_5, armoury_2,
          mini_pit_1, grid_room_1, main_hall_1, silver_pit, the_coven_3,
          the_vestibule_1, steel_vault_3, golden_pit, hallway_of_sentries,
          crystal_vault_2, iron_vault_2, final_vault]

Skill      XL: |  1 |
---------------+----+-----
Fighting       | 3 |  3.7
Dodging        | 3 |  3.7
Unarmed Combat | 4 |  4.5

Action                     || total
---------------------------++-------
  Melee: Unarmed           ||    10
 Invoke: Berserk           ||     1
 Armour: Animal skin       ||     2
  Dodge: Dodged            ||     2

Table legend: (Time is in decaauts)
 A = Elapsed time spent in this place.
 B = Non-inter-level travel time spent in this place.
 C = Inter-level travel time spent in this place.
 D = Time resting spent in this place.
 E = Time spent auto-exploring this place.
 F = Levels seen in this place.
 G = Mean time per level.
                   A        B        C        D        E       F      G
               +--------+--------+--------+--------+--------+-----+--------+
         Total |     25 |     25 |      0 |      0 |     16 |   1 |   25.0 |
       Dungeon |     25 |     25 |      0 |      0 |     16 |   1 |   25.0 |
               +--------+--------+--------+--------+--------+-----+--------+

Top non-repeatable levels by time:
       D: 25 daAuts
